Map: Moondance

Players

binski

  • Race: Terran Terran
  • Spawn Location: 6:00

trigger - Winner!

  • Race: Protoss Protoss
  • Spawn Location: 12:00

Event: DreamHack SC2 Masters 2022 Atlanta (Offline)

VOD

Have the link to the VOD?

Description

Time

  • Played on: Nov. 18, 2022, 1:27 p.m.
  • Length: 12:41

All games in this series

Show
View Real Time Build Order
Export as new Build Order

binski Terran 

Build Orders:  

Get SALT Encoding   

  12  0:00  SCV  
  13  0:12  SCV  
  14  0:17  Supply Depot  
  14  0:24  SCV  
  15  0:39  SCV, Barracks  
  16  0:45  Refinery  
  16  0:51  SCV  
  16  0:55  Refinery  
  17  1:03  SCV  
  18  1:15  SCV  
  19  1:26  Marine  
  19  1:27  Orbital Command  
  20  1:36  Factory  
  20  1:44  Barracks Reactor  
  20  1:51  Supply Depot  
  21  1:54  SCV  
  21  2:06  SCV  
  22  2:18  SCV  
  22  2:22  Armory  
  23  2:28  Armory  
  23  2:33  Hellion  
  23  2:35  Hellion  
  28  2:41  Supply Depot  
  28  2:46  Starport  
  28  2:50  SCV  
  28  2:58  Widow Mine  
  30  3:03  Widow Mine  
  32  3:08  Bunker  
  32  3:20  Widow Mine  
  32  3:24  Widow Mine  
  34  3:30  Medivac  
  34  3:34  Barracks Tech Lab  
  34  3:38  SCV  
  35  3:41  Widow Mine  
  35  3:46  Widow Mine  
  35  3:48  Supply Depot  
  37  3:56  SCV  
  38  4:09  Medivac  
  46  4:10  Widow Mine x2, Marauder  
  46  4:13  Supply Depot  
  46  4:24  SCV  
  47  4:25  Stimpack  
  47  4:32  Widow Mine  
  47  4:36  SCV  
  44  4:41  Marauder  
  46  4:48  SCV  
  46  4:52  Supply Depot  
  47  4:57  Widow Mine  
  47  4:58  Widow Mine  
  49  5:00  SCV  
  49  5:02  Marauder  
  52  5:12  SCV  
  53  5:21  Supply Depot, Command Center  
  53  5:28  Marauder  
  53  5:37  SCV  
  50  5:49  SCV, Widow Mine x2  
  51  5:54  Barracks  
  53  5:57  Marauder  
  53  5:58  Barracks  
  53  6:01  SCV  
  54  6:07  Medivac  
  54  6:10  Concussive Shells  
  56  6:21  Marauder  
  56  6:22  SCV  
  55  6:36  SCV  
  56  6:43  Barracks Tech Lab  
  56  6:44  Marauder  
  58  6:47  Bunker  
  58  6:48  SCV, Starport Reactor  
  58  6:53  Orbital Command  
  59  6:55  Barracks Reactor  
  59  6:56  Combat Shield  
  59  7:00  SCV  
  60  7:03  Marauder  
  60  7:05  Engineering Bay  
  62  7:09  Engineering Bay  
  62  7:12  SCV  
  63  7:17  Marauder  
  65  7:24  SCV x2  
  65  7:27  Supply Depot  
  67  7:30  Medivac  
  67  7:31  Medivac, Marine  
  67  7:32  Marine  
  67  7:33  Marine  
  67  7:36  Refinery, SCV  
  67  7:37  SCV, Marine  
  76  7:38  Terran Infantry Weapons Level 1  
  76  7:42  Supply Depot  
  77  7:48  SCV  
  77  7:49  SCV, Terran Infantry Armor Level 1, Marine  
  77  7:50  Marine  
  83  7:58  Marauder  
  83  7:59  Marine  
  83  8:00  SCV  
  83  8:01  SCV  
  86  8:08  Marauder  
  86  8:12  Command Center  
  88  8:15  Refinery  
  88  8:16  Marine  
  88  8:17  Marine  
  92  8:20  Marauder  
  92  8:23  SCV x2  
  94  8:29  Marauder  
  92  8:37  Viking  
  92  8:38  Viking  
  92  8:39  Factory  
  92  8:40  SCV  
  99  8:41  Marauder  
  99  8:46  Supply Depot  
  99  8:51  Marine x2  
  101  9:00  SCV  
  102  9:02  Barracks  
  102  9:03  Barracks  
  102  9:08  Viking  
  102  9:09  Viking  
  106  9:14  Terran Ship Weapons Level 1  
  106  9:23  Supply Depot  
  106  9:26  Starport, Factory Reactor  
  106  9:32  Orbital Command  
  106  9:34  SCV  
  106  9:43  Viking  
  108  9:48  Viking  
  108  9:50  SCV  
  108  9:51  SCV  
  112  9:53  Barracks Reactor  
  112  9:54  Barracks Tech Lab  
  112  9:57  Terran Infantry Weapons Level 2  
  112  10:08  Marauder x2, Marine x2  
  118  10:14  SCV  
  118  10:15  Supply Depot  
  118  10:17  Supply Depot, Viking  
  118  10:18  Supply Depot  
  118  10:20  Viking  
  123  10:23  Viking  
  125  10:36  Marauder x2, Marine x3  
  125  10:38  Supply Depot  
  130  10:52  Command Center, Marauder  
  130  10:54  Marine  
  133  10:57  Ghost Academy  
  133  10:58  Marauder  
  135  11:05  Marine x2  
  135  11:07  Marauder  
  139  11:14  Marauder  
  141  11:21  Marauder, Marine x2  
  141  11:23  Marine  
  141  11:25  Viking, Medivac x2  
  152  11:26  Viking  
  152  11:28  Marauder  
  152  11:29  Supply Depot  
  156  11:36  Marine  
  156  11:41  Marauder  
  156  11:43  Marauder  
  149  11:47  Marine  
  149  11:50  Marauder  
  137  11:56  Marine x2  
  137  11:57  Marine  
  132  12:01  Viking  
  132  12:03  Marauder  
  132  12:04  Marauder  
  132  12:08  Viking x3  
  138  12:11  Marauder  
  138  12:13  SCV  
Show
View Real Time Build Order
Export as new Build Order

trigger Protoss - Winner!

Build Orders: 1 Gate Expand 

Get SALT Encoding   

  12  0:00  Probe  
  13  0:12  Probe  
  14  0:17  Pylon  
  14  0:24  Probe (Chrono Boost)  
  16  0:36  Gateway  
  16  0:37  Probe (Chrono Boost)  
  16  0:43  Probe (Chrono Boost)  
  16  0:45  Assimilator  
  17  0:51  Probe  
  18  1:03  Probe  
  19  1:15  Probe  
  20  1:23  Cybernetics Core  
  20  1:30  Nexus  
  20  1:34  Probe  
  21  1:43  Pylon  
  21  1:47  Probe  
  22  1:48  Assimilator  
  22  1:59  Stalker (Chrono Boost)  
  22  2:01  Probe  
  25  2:08  Warp Gate  
  25  2:13  Probe  
  26  2:18  Stalker (Chrono Boost)  
  28  2:25  Probe  
  29  2:38  Robotics Facility, Probe (Chrono Boost)  
  29  2:45  Gateway  
  29  2:46  Probe (Chrono Boost)  
  31  2:54  Probe (Chrono Boost)  
  31  2:55  Probe (Chrono Boost)  
  31  2:57  Stalker  
  36  3:10  Probe  
  34  3:15  Probe  
  31  3:24  Probe (Chrono Boost)  
  32  3:27  Observer  
  32  3:32  Probe (Chrono Boost)  
  32  3:38  Pylon  
  32  3:41  Probe x2 (Chrono Boost)  
  34  3:51  Probe (Chrono Boost)  
  34  3:54  Probe (Chrono Boost)  
  35  3:56  Stalker x2  
  39  4:03  Observer  
  39  4:06  Probe (Chrono Boost)  
  39  4:09  Probe (Chrono Boost)  
  42  4:13  Probe (Chrono Boost)  
  42  4:16  Probe (Chrono Boost)  
  44  4:21  Probe, Stalker x2  
  49  4:27  Probe  
  50  4:33  Probe (Chrono Boost)  
  47  4:44  Probe (Chrono Boost)  
  47  4:45  Probe (Chrono Boost)  
  49  4:52  Probe (Chrono Boost)  
  50  4:54  Probe (Chrono Boost)  
  50  4:58  Observer  
  50  4:59  Probe  
  50  5:03  Probe  
  50  5:04  Pylon  
  52  5:09  Stalker  
  54  5:14  Pylon  
  54  5:21  Observer  
  54  5:22  Probe (Chrono Boost), Pylon  
  54  5:24  Pylon  
  54  5:25  Probe (Chrono Boost)  
  56  5:29  Stalker  
  56  5:33  Probe (Chrono Boost)  
  60  5:37  Probe (Chrono Boost)  
  60  5:38  Probe (Chrono Boost)  
  60  5:40  Observer (Chrono Boost)  
  58  5:46  Probe  
  58  5:48  Robotics Bay, Probe  
  60  5:56  Assimilator  
  60  5:58  Probe  
  60  6:00  Stalker x2  
  65  6:07  Probe  
  66  6:15  Nexus  
  66  6:16  Probe  
  67  6:21  Shield Battery  
  67  6:22  Probe  
  68  6:28  Probe  
  68  6:32  Colossus (Chrono Boost)  
  69  6:34  Probe  
  76  6:42  Probe  
  76  6:43  Pylon  
  76  6:45  Assimilator  
  76  6:46  Sentry  
  79  6:47  Probe  
  79  6:53  Extended Thermal Lance  
  80  7:00  Probe (Chrono Boost)  
  80  7:01  Probe (Chrono Boost)  
  82  7:12  Probe (Chrono Boost)  
  82  7:13  Probe (Chrono Boost)  
  82  7:15  Twilight Council, Gateway  
  84  7:20  Gateway  
  84  7:21  Probe (Chrono Boost)  
  84  7:22  Observer, Colossus (Chrono Boost)  
  93  7:30  Probe x2 (Chrono Boost)  
  93  7:35  Pylon  
  94  7:39  Sentry, Probe (Chrono Boost)  
  94  7:40  Zealot  
  94  7:42  Probe (Chrono Boost)  
  94  7:43  Probe (Chrono Boost)  
  100  7:48  Forge  
  100  7:49  Probe  
  100  7:50  Probe  
  102  7:55  Assimilator  
  102  8:05  Colossus (Chrono Boost)  
  108  8:07  Probe, Blink (Chrono Boost)  
  108  8:11  Gateway  
  108  8:12  Gateway  
  109  8:13  Pylon  
  109  8:16  Zealot x2  
  113  8:22  Zealot x2  
  117  8:33  Protoss Ground Weapons Level 1 (Chrono Boost), Probe x3  
  111  8:39  Observer  
  111  8:45  Probe  
  112  8:52  Immortal (Chrono Boost)  
  112  8:54  Robotics Facility, Photon Cannon  
  116  8:57  Sentry, Pylon  
  116  9:01  Pylon  
  118  9:02  Pylon  
  118  9:13  Pylon  
  118  9:15  Nexus  
  118  9:22  Immortal (Chrono Boost)  
  118  9:29  Pylon  
  122  9:31  Observer  
  122  9:32  Shield Battery  
  122  9:33  Shield Battery  
  126  9:46  Templar Archives  
  126  9:47  Probe x2  
  126  9:48  Photon Cannon  
  126  9:51  Charge (Chrono Boost)  
  126  9:52  Immortal (Chrono Boost)  
  128  9:55  Immortal (Chrono Boost)  
  128  9:59  Probe  
  129  10:16  Probe x2  
  129  10:18  Gateway  
  131  10:21  Gateway, Stalker x3  
  131  10:22  Protoss Ground Weapons Level 2 (Chrono Boost)  
  131  10:25  Immortal (Chrono Boost)  
  141  10:31  Immortal (Chrono Boost)  
  141  10:43  Stalker x3  
  147  10:50  Stalker x3  
  153  11:07  Zealot, Immortal (Chrono Boost), High Templar x2  
  153  11:09  Immortal (Chrono Boost)  
  163  11:11  Archon  
  163  11:19  Zealot  
  163  11:20  Zealot x3  
  163  11:22  Stalker  
  173  11:31  Warp Prism  
  173  11:33  Stalker  
  173  11:41  Stalker x4  
  171  11:48  Zealot x3  
  171  11:53  Warp Prism  
  173  11:58  Zealot  
  167  12:08  Stalker x5  
  177  12:19  Pylon  
  177  12:23  Stalker  
  179  12:35  Zealot x7  
Tags
 
Add a new tag
Caveats
  • Supply blocks, unpowered buildings, or Contaminate may cause inaccurate times.
  • Supply counts are checked every 10 seconds.